 Dungeon Crawl Stone Soup version 0.28.0-49-g6dfe1f597d (webtiles) character file.

Game seed: 685326735324748765

60 Gabide the Sneak (level 4, -4/37 HPs)
             Began as a Barachi Delver on May 17, 2022.
             Slain by a wight
             ... wielding a +1 mace
              (9 damage)
             ... on level 5 of the Dungeon.
             The game lasted 00:03:14 (723 turns).

Gabide the Sneak (Barachi Delver)                    Turns: 723, Time: 00:03:15

Health: -4/37      AC:  3    Str: 16    XL:     4   Next: 6%
Magic:  4/4        EV: 12    Int: 10    God:
Gold:   51         SH:  0    Dex: 13    Spells: 3/3 levels left

rFire   . . .      SeeInvis .   a - +1 falchion
rCold   . . .      Faith    .   (no shield)
rNeg    . . .      Spirit   .   b - +0 leather armour
rPois   .          Reflect  .   (no helmet)
rElec   .          Harm     .   (no cloak)
rCorr   .          Rampage  .   (no gloves)
Will    .....                   (no boots)
Stlth   +++.......              (no amulet)
HPRegen 0.12/turn               (no ring)
MPRegen 0.09/turn               (no ring)

@: unable to hop, slow
A: amphibious, slowness 1, strong legs 1, +LOS
a: Hop


You were on level 5 of the Dungeon.
You visited 1 branch of the dungeon, and saw 2 of its levels.

You collected 51 gold pieces.

Inventory:

Hand Weapons
 a - a +1 falchion (weapon)
Armour
 b - a +0 leather armour (worn)
 f - a +2 pair of gloves
Wands
 e - a wand of acid (8)
 g - a wand of digging (3)
Scrolls
 c - a scroll of fog


   Skills:
 - Level 4.0 Fighting
 + Level 3.5 Long Blades
 - Level 3.0 Dodging
 - Level 5.0 Stealth


You had 3 spell levels left.
You didn't know any spells.
Your spell library was empty.

Dungeon Overview and Level Annotations

Branches:
Dungeon (6/15)             Temple (0/1) D:5

Altars:
Vehumet


Innate Abilities, Weirdness & Mutations

You are amphibious.
You cover ground slowly.
You can hop short distances.
You have an extended range of vision and can be seen from far away.


Message History

As you read the scroll of fear, it crumbles to dust.
You assume a fearsome visage.
The orc looks frightened!
The orc priest looks frightened!
The orc looks frightened!
Found a radiant altar of Vehumet.
e - a wand of acid (8)
Found a scroll labelled YPHE XYTITEFY.
You see here a +2 pair of gloves.
f - a +2 pair of gloves
Found 5 poisoned darts.
Your extra speed is starting to run out.
As you read the scroll of magic mapping, it crumbles to dust.
You feel aware of your surroundings.
You sensed 2 altars.
A wight comes into view. It is wielding a +3 war axe.
A wight comes into view. It is wielding a +3 long sword.
Okay, then.
You aren't carrying any potions.
You see here a scroll labelled YPHE XYTITEFY.
d - a scroll labelled YPHE XYTITEFY
As you read the scroll labelled YPHE XYTITEFY, it crumbles to dust.
It is a scroll of enchant weapon.
Your +0 falchion glows red for a moment.
You feel yourself slow down.
Press: ? - help, v - describe, . - travel The floor.
Unknown command.
Unknown command.
Found a ruby ring.
A wight comes into view. It is wielding a +0 dire flail.
Hop to where?
Press: ? - help, Dir - move target A wight comes into view.
It is wielding a +1 mace.
Found 14 gold pieces.
Boing!
You aren't carrying any potions.
Okay, then.
Unknown command.
A quokka comes into view.
Found 16 gold pieces.
The wight hits you but does no damage.
Found a murky emerald potion.
Found an escape hatch in the floor.
The wight hits you with a +1 mace!
You die...

*......!****,,,,,,,,,,,,,,
*.......#*,,,,,,,,,,,,,,,,
*......>.,,,,,,,,,,,,,,,,.
*..$.....,*****,,,,,,,,,,.
*........** *****,,,,,,*
*........#### ********
*........#..######
*#.......#.z.....####
*,,*,,,#@zz....(...### ##
*,*#.....z.=.........###.
**#..#................#..
*#.,#....................
*,,*#.r$...............#.
**,*#................#....
*,,,#................#.#..
*,*+#................#...#
*,*_#..............###.#..


You could see 4 wights and a quokka.

Vanquished Creatures
  A centaur zombie (D:5)
  A centaur skeleton (D:6)
2 creatures vanquished.

Notes
Turn   | Place    | Note
-------+----------+-------------------------------------------
     0 | D:5      | Gabide the Barachi Delver began the quest for the Orb.
     0 | D:5      | Reached XP level 1. HP: 18/18 MP: 1/1
    49 | D:5      | Reached XP level 2. HP: 9/25 MP: 2/2
    49 | D:5      | Reached XP level 3. HP: 10/30 MP: 3/3
   539 | D:6      | Reached skill level 5 in Stealth
   539 | D:6      | Reached XP level 4. HP: 21/37 MP: 4/4
   668 | D:6      | Noticed an ice beast
   671 | D:6      | Noticed a scorpion
   684 | D:5      | HP: 1/37 [orc/+0 morningstar (10)]
   697 | D:5      | Found a radiant altar of Vehumet.
   723 | D:5      | Slain by a wight

Illustrated notes

Levels and vault maps discovered:
D:5:      layout_cave_pods, nicolae_vehumet_radiance, kennysheep_mini,
          fedhas_ov_isle_minmay, minmay_temple_entry_antechambers, hex_tiny
D:6:      layout_basic, kennysheep_mini_moat, kennysheep_little_box,
          grunt_ministairs_3, lightli_corner_chamber

Skill      XL: |  1  2  3 |
---------------+----------+-----
Fighting       | 4 |  4.0
Long Blades    | 3 |  3.5
Dodging        | 3 |  3.0
Stealth        | 5 |  5.0

Action                   |  1- 3 |  4- 6 || total
-------------------------+-------+-------++-------
Melee: Falchion          |    15 |     3 ||    18
       Punch             |     1 |       ||     1
 Abil: Hop               |     1 |     1 ||     2
  Use: Scroll            |       |     3 ||     3
       Potion            |       |     1 ||     1
Armor: Leather armour    |     9 |     1 ||    10
Dodge: Dodged            |    21 |     3 ||    24
